Map: Orbital Shipyard

Players

Greeny - Winner!

  • Race: Zerg Zerg

Kantuva

  • Race: Zerg Zerg

VOD

Have the link to the VOD?

Description

Time

  • Played on: April 1, 2015, 10:19 p.m.
  • Length: 11:22
Show
View Real Time Build Order
Export as new Build Order

Greeny Zerg - Winner!

Build Orders: Hatch First 

Get SALT Encoding   

  12  0:01  Drone  
  13  0:09  Drone  
  14  0:17  Overlord  
  14  0:24  Extractor  
  14  0:25  Drone  
  15  0:35  Drone x2  
  17  0:44  Drone  
  18  0:57  Hatchery  
  17  1:07  Spawning Pool  
  16  1:13  Drone, Extractor  
  16  1:15  Drone  
  17  1:21  Drone  
  18  1:34  Drone  
  19  1:44  Overlord  
  19  1:56  Queen  
  19  2:00  Zergling x2  
  22  2:05  Zergling x2  
  23  2:10  Queen  
  23  2:11  Drone x2  
  23  2:15  Metabolic Boost  
  27  2:32  Drone x4  
  27  2:36  Baneling Nest  
  30  2:41  Drone  
  31  2:48  Overlord  
  31  2:57  Overlord  
  31  3:00  Drone  
  31  3:04  Overlord  
  31  3:07  Drone  
  31  3:08  Drone x3  
  35  3:14  Zergling x2  
  35  3:19  Zergling x8  
  40  3:29  Roach Warren, Drone  
  40  3:34  Baneling x2  
  40  3:45  Baneling  
  40  3:57  Drone x2  
  40  3:58  Drone x3, Extractor  
  43  4:12  Baneling x2  
  43  4:15  Roach x5  
  52  4:20  Overlord  
  52  4:22  Overlord  
  52  4:33  Overlord  
  52  4:40  Drone x3  
  52  4:41  Hatchery  
  52  4:43  Drone x3  
  52  4:44  Overlord  
  57  4:49  Zergling x2  
  57  4:55  Roach x4  
  57  4:56  Roach  
  57  4:57  Overlord  
  67  5:02  Extractor  
  66  5:14  Drone x3  
  66  5:17  Roach x2  
  73  5:22  Roach x2  
  73  5:26  Queen  
  79  5:40  Roach x6  
  90  5:47  Zergling x2  
  91  5:50  Overlord x2  
  91  5:55  Lair  
  90  6:02  Zergling x16  
  98  6:08  Queen  
  97  6:23  Roach x6  
  101  6:26  Zergling x10  
  101  6:30  Zergling x2  
  98  6:34  Overlord  
  98  6:35  Zergling x2  
  98  6:36  Zergling x2  
  98  6:38  Zergling x2  
  97  6:41  Baneling x7  
  97  6:42  Baneling x2  
  97  6:49  Roach  
  89  7:09  Zergling x26  
  99  7:22  Spore Crawler x2, Hydralisk Den  
  94  7:24  Drone x2  
  84  7:38  Zergling x8  
  84  7:43  Zergling x6  
  80  7:46  Drone x2  
  80  7:47  Drone x3  
  80  7:48  Drone  
  80  7:49  Spore Crawler, Drone x3  
  77  7:52  Overlord  
  68  8:08  Drone x6  
  74  8:16  Hydralisk x3  
  74  8:19  Hydralisk  
  81  8:28  Zergling x14  
  81  8:29  Zergling x2  
  81  8:33  Hydralisk x2  
  84  8:43  Hydralisk x3  
  83  8:49  Queen  
  83  8:54  Hydralisk x3  
  85  9:08  Hydralisk x3  
  85  9:09  Hydralisk x2  
  93  9:15  Zergling x16  
  101  9:29  Hydralisk x2  
  101  9:31  Overlord x2  
  101  9:39  Hydralisk  
  101  9:40  Hydralisk  
  101  9:41  Overlord  
  102  10:05  Baneling x14  
  102  10:06  Zergling x2, Baneling x3  
  102  10:11  Queen  
  102  10:12  Overlord  
  102  10:13  Overlord  
  104  10:24  Roach  
  104  10:25  Roach x6  
  115  10:29  Baneling  
  114  10:37  Hatchery  
Show
View Real Time Build Order
Export as new Build Order

Kantuva Zerg 

Build Orders: Hatch First 

Get SALT Encoding   

  12  0:01  Drone  
  13  0:13  Overlord  
  13  0:17  Drone  
  14  0:32  Drone  
  14  0:33  Drone  
  16  0:50  Hatchery  
  16  0:53  Drone  
  16  0:58  Drone, Extractor  
  16  1:18  Spawning Pool  
  15  1:23  Drone x2  
  15  1:25  Drone  
  18  1:35  Drone  
  19  2:05  Queen x2  
  19  2:06  Metabolic Boost  
  24  2:08  Zergling x2  
  24  2:10  Drone x3  
  27  2:17  Overlord  
  27  2:32  Zergling x2  
  28  2:40  Baneling Nest  
  27  2:46  Overlord  
  27  2:53  Drone x3  
  27  2:54  Drone x2  
  32  3:09  Drone x2  
  34  3:14  Overlord  
  34  3:23  Drone x4  
  38  3:28  Hatchery  
  38  3:32  Drone  
  38  3:33  Drone x3  
  41  3:46  Baneling x2  
  41  3:49  Drone x3  
  41  3:51  Zergling x4  
  41  3:52  Zergling x6  
  48  4:12  Drone x4  
  52  4:19  Overlord x2  
  52  4:21  Extractor  
  52  4:22  Lair, Extractor  
  49  4:27  Baneling x3  
  49  4:28  Overlord  
  49  4:30  Overlord  
  49  4:36  Extractor  
  48  4:48  Baneling  
  47  4:59  Drone x6  
  57  5:00  Drone x10  
  63  5:15  Overlord  
  63  5:16  Overlord  
  63  5:21  Spire  
  63  5:25  Queen  
  63  5:26  Overlord x2  
  64  5:40  Zergling x22  
  64  5:41  Zergling x4  
  77  5:44  Baneling  
  77  5:45  Baneling x5  
  76  5:58  Zergling x2  
  76  5:59  Zergling x16  
  85  6:07  Zergling x8  
  82  6:25  Drone, Zergling x8  
  75  6:33  Mutalisk x2  
  75  6:36  Mutalisk  
  77  6:41  Spine Crawler  
  77  6:42  Mutalisk  
  77  6:43  Mutalisk x3  
  76  6:56  Mutalisk x2  
  63  7:14  Mutalisk  
  62  7:16  Zergling x4  
  62  7:17  Zergling x12  
  62  7:19  Queen x2  
  64  7:36  Mutalisk x2  
  60  7:48  Zergling x12  
  60  7:49  Zergling x8  
  66  7:53  Spine Crawler  
  66  7:54  Spine Crawler  
  62  8:03  Mutalisk  
  62  8:05  Drone x3  
  61  8:06  Queen x2  
  65  8:18  Drone x3  
  69  8:32  Drone x3  
  72  8:39  Drone x4  
  73  8:52  Drone x3  
  76  9:03  Drone x5  
  82  9:10  Drone x3  
  82  9:15  Drone x3  
  87  9:23  Drone  
  86  9:29  Baneling x2  
  86  9:32  Extractor  
  86  9:33  Extractor  
  80  9:39  Mutalisk  
  80  9:42  Drone x4  
  82  9:47  Drone x3  
  85  9:57  Drone  
  85  9:58  Drone x5  
  83  10:12  Drone x5  
  88  10:28  Evolution Chamber  
  86  10:30  Zergling x14  
  86  10:34  Baneling x5  
  86  10:35  Baneling  
  93  10:40  Zergling x4  
  95  10:55  Zergling x8  
Tags
 
Add a new tag
Caveats
  • Supply blocks, unpowered buildings, or Contaminate may cause inaccurate times.
  • Supply counts are checked every 10 seconds.